 Dungeon Crawl Stone Soup version 0.27-a0-1184-ge86db4a01e (webtiles) character file.

Game seed: 2008528173526345482

5 Goblin1989 the Sneak (level 1, -9/18 HPs)
             Began as a Demonspawn Delver on May 18, 2021.
             Killed by divine providence
             ... invoked by an orc priest
              (12 damage)
             ... on level 4 of the Dungeon.
             The game lasted 00:00:38 (64 turns).

Goblin1989 the Sneak (Demonspawn Delver)              Turns: 64, Time: 00:00:39

Health: -9/18      AC:  3    Str: 12    XL:     1   Next: 66%
Magic:  1/1        EV: 11    Int: 11    God:
Gold:   0          SH:  0    Dex: 14    Spells: 0/0 levels left

rFire    . . .     SeeInvis .   a - +0 mace
rCold    . . .     Faith    .   (no shield)
rNeg     . . .     Spirit   .   b - +0 leather armour
rPois    .         Reflect  .   (no helmet)
rElec    .         Harm     .   (no cloak)
rCorr    .         Rampage  .   (no gloves)
Will     .....                  (no boots)
Stlth    ++........             (no amulet)
HPRegen  0.06/turn              (no ring)
MPRegen  0.07/turn              (no ring)

@: no status effects
A: no striking features
a: no special abilities


You were on level 4 of the Dungeon.
You visited 1 branch of the dungeon, and saw 2 of its levels.

Inventory:

Hand Weapons
 a - a +0 mace (weapon)
Missiles
 N - 21 arrows
Armour
 b - a +0 leather armour (worn)
Wands
 g - a wand of digging (3) {@v1}
Scrolls
 c - a scroll of fog
 e - a scroll of fear
 M - a scroll of magic mapping
Potions
 f - a potion of haste {@q3,}


   Skills:
 - Level 3.0 Fighting
 + Level 2.2 Maces & Flails
 - Level 1.7 Dodging
 - Level 4.5 Stealth


You couldn't memorise any spells.
You didn't know any spells.
Your spell library was empty.

Dungeon Overview and Level Annotations

Branches:
Dungeon (5/15)
 Temple: D:4-7

Altars:


Message History

You become a ghost!
Welcome, Goblin1989 the Demonspawn Delver.
Will you prevail where others failed? Will you find the Orb of Zot?
Press ? for a list of commands and other information.
Found 21 arrows.
Found a stone staircase leading down.
You see here 21 arrows.
N - 21 arrows A jelly comes into view.
The jelly quivers.
Found 16 gold pieces.
Found 5 gold pieces and an amethyst potion.
Found a stone staircase leading up.
An adder zombie comes into view.
Found 13 gold pieces.
An ufetubus comes into view.
Found 15 gold pieces.
Unknown command.
Found a viscous white potion.
Unknown command.
The adder zombie bites you but does no damage.
The adder zombie misses you.
You see here an amethyst potion.
You closely miss the ufetubus. The ufetubus misses you. The ufetubus hits you.
The ufetubus closely misses you.
The ufetubus hits you but does no damage.
The adder zombie bites you but does no damage.
The ufetubus barely misses you.
The ufetubus hits you but does no damage.
You take 2 damage, and have 16/18 hp.
You hit the ufetubus.
The ufetubus is heavily wounded.
The adder zombie bites you. The ufetubus hits you.
The ufetubus closely misses you. The adder zombie completely misses you.
The ufetubus hits you but does no damage.
The ufetubus barely misses you.
You take 6 damage, and have 10/18 hp.
MASSIVE DAMAGE!!
You miss the ufetubus.
The ufetubus is moderately wounded.
The ufetubus misses you. The ufetubus barely misses you.
The adder zombie bites you but does no damage.
The ufetubus hits you.
* * * LOW HITPOINT WARNING * * *
The ufetubus hits you but does no damage.
You take 2 damage, and have 8/18 hp.
You hit the ufetubus.
The ufetubus is almost dead.
The adder zombie bites you.
* * * LOW HITPOINT WARNING * * *
The ufetubus hits you.
* * * LOW HITPOINT WARNING * * *
The ufetubus closely misses you. The adder zombie barely misses you.
The ufetubus hits you.
* * * LOW HITPOINT WARNING * * *
The ufetubus barely misses you.
You take 7 damage, and have 1/18 hp.
MASSIVE DAMAGE!!
You hit the ufetubus.
You kill the ufetubus!
The adder zombie bites you but does no damage.
Your Maces & Flails skill increases to level 2!
There is a stone staircase leading up here.
The adder zombie closely misses you.
You climb upwards.
An endoplasm and a howler monkey come into view.
The howler monkey howls!
Found a scroll labelled VEEZYB DAAC and a spear.
There is a stone staircase leading down here.
The endoplasm quivers.
The howler monkey hoots and howls with incredible vigour!
You hear an angry hiss.
You hear a bark!
You hear a shout! x4
You hear an angry hiss.
The endoplasm closely misses you.
A scorpion and an orc come into view.
The howler monkey hoots and howls with incredible vigour!
You hear a shout!
An orc priest comes into view. It is wielding a +0 flail.
The howler monkey hoots and howls with incredible vigour!
You hear a bark!
An orc comes into view. It is wielding a +0 dagger.
A hound comes into view.
The scorpion closely misses you.
The orc moves out of view.
An adder comes into view.
The endoplasm completely misses you.
The adder hisses angrily.
The scorpion closely misses you.
A giant cockroach comes into view.
The orc priest invokes the aid of Beogh against you.
Beogh smites you!
Ouch! That really hurt!
You die...

.█... █.......).....██
.....██.........Ψ...Ψ██
....h......?.........█
.o..o............>...██
█.................█
█..oJ██...█..Ψ....█
█..s..██.██....█.██
.♣♣♣♣≈.h.....█.......█
≈≈≈≈≈≈P@♣♣█.........██
≈≈≈≈≈P≈.≈≈♣.........█
≈≈≈P≈≈≈≈.≈P≈P........█
♣♣≈≈≈≈≈≈.≈≈≈♣♣.......█
.≈≈S≈≈≈≈.≈≈≈≈♣
.≈≈≈≈≈≈≈.≈≈≈≈♣
≈♣♣♣≈≈≈B≈≈≈≈≈
♣≈≈≈.≈P≈≈≈♣


You could see a scorpion, a howler monkey, a hound, an orc priest, an adder, an
orc, an endoplasm and a giant cockroach.

Vanquished Creatures
  An ufetubus (D:5)
1 creature vanquished.

Notes
Turn   | Place    | Note
-------+----------+-------------------------------------------
     0 | D:5      | Goblin1989 the Demonspawn Delver began the quest for the
                  | Orb.
     0 | D:5      | Reached XP level 1. HP: 18/18 MP: 1/1
    18 | D:5      | Noticed a jelly
    50 | D:4      | Noticed a howler monkey
    58 | D:4      | Noticed a scorpion
    60 | D:4      | Noticed an orc priest
    61 | D:4      | Noticed a hound
    64 | D:4      | Killed from afar by an orc priest

Illustrated notes

Levels and vault maps discovered:
D:4:      layout_cave_pools, minmay_temple_entry_tees, serial_bayou,
          serial_bayou_pond_d, serial_bayou_ford_a, serial_bayou_shore_b,
          serial_bayou_lagoon_a, serial_bayou_lagoon_b, grunt_ministairs_1,
          amethyst_killhole, uniq_menkaure
D:5:      layout_cave_pools

Skill      XL: |  1 |
---------------+----+-----
Maces & Flails | 2 |  2.2
Fighting       | |  3.0
Dodging        | |  1.7
Stealth        | |  4.5

Action                   || total
-------------------------++-------
Melee: Mace              ||     5
Armor: Leather armour    ||     8
Dodge: Dodged            ||    17

Table legend: (Time is in decaauts)
 A = Elapsed time spent in this place.
 B = Non-inter-level travel time spent in this place.
 C = Inter-level travel time spent in this place.
 D = Time resting spent in this place.
 E = Time spent auto-exploring this place.
 F = Levels seen in this place.
 G = Mean time per level.
                   A        B        C        D        E       F      G
               +--------+--------+--------+--------+--------+-----+--------+
         Total |     65 |     65 |      0 |      0 |      0 |   2 |   32.5 |
       Dungeon |     65 |     65 |      0 |      0 |      0 |   2 |   32.5 |
               +--------+--------+--------+--------+--------+-----+--------+

Top non-repeatable levels by time:
     D:5: 51 daAuts
     D:4: 13 daAuts
